Map: Cyber Forest LE

Players

Seph - Winner!

  • Race: Protoss Protoss
  • League: Bronze
  • Spawn Location: 11:00

monkeyniggas

  • Race: Protoss Protoss
  • Spawn Location: 5:00

VOD

Have the link to the VOD?

Description

Time

  • Played on: Feb. 15, 2019, 9:26 p.m.
  • Length: 9:33
Show
View Real Time Build Order
Export as new Build Order

Seph Protoss - Winner!

Build Orders: Proxy Void Ray 

Get SALT Encoding   

  12  0:09  Probe  
  12  0:10  Pylon  
  13  0:18  Probe  
  13  0:27  Probe  
  15  0:42  Gateway  
  15  0:46  Assimilator  
  15  0:49  Probe  
  16  1:00  Assimilator  
  16  1:01  Probe  
  17  1:07  Pylon  
  17  1:11  Probe  
  18  1:19  Probe  
  19  1:28  Probe  
  20  1:40  Probe  
  20  1:46  Cybernetics Core  
  21  1:52  Probe  
  22  2:07  Forge  
  22  2:14  Pylon  
  22  2:16  Warp Gate  
  22  2:21  Pylon  
  22  2:31  Stalker  
  24  2:42  Stargate  
  24  2:58  Probe, Stargate  
  25  3:04  Stalker  
  27  3:32  Pylon  
  27  3:35  Shield Battery  
  27  3:44  Shield Battery  
  27  3:45  Void Ray  
  27  3:47  Void Ray  
  35  4:18  Nexus  
  35  4:21  Pylon  
  35  4:22  Pylon  
  35  4:24  Pylon  
  35  4:27  Assimilator  
  35  4:30  Assimilator  
  35  4:50  Protoss Air Weapons Level 1  
  35  4:53  Void Ray  
  35  4:57  Void Ray  
  43  5:28  Void Ray  
  47  6:36  Void Ray x2  
Show
View Real Time Build Order
Export as new Build Order

monkeyniggas Protoss 

Build Orders:  

Get SALT Encoding   

  1  0:00  Probe  
  13  0:07  Probe  
  14  0:22  Probe, Pylon  
  15  0:45  Gateway  
  15  0:47  Assimilator  
  15  0:48  Probe  
  16  1:00  Probe  
  17  1:28  Probe  
  18  1:33  Zealot  
  20  1:40  Probe  
  20  1:44  Gateway  
  21  1:52  Probe  
  21  1:56  Cybernetics Core  
  21  2:00  Zealot, Assimilator  
  23  2:03  Pylon  
  23  2:17  Pylon  
  23  2:21  Probe  
  24  2:32  Warp Gate, Probe  
  24  2:34  Stalker  
  27  2:40  Probe  
  28  2:47  Stalker  
  30  3:09  Zealot  
  32  3:17  Zealot  
  34  3:21  Probe  
  35  3:30  Pylon  
  35  3:36  Zealot  
  37  3:44  Zealot, Nexus  
  39  3:48  Probe  
  40  3:59  Pylon  
  40  4:01  Probe  
  41  4:04  Zealot, Protoss Air Weapons Level 1  
  43  4:13  Probe  
  43  4:16  Robotics Facility  
  44  4:25  Probe  
  45  4:37  Probe  
  46  4:40  Pylon  
  46  4:41  Pylon  
  46  4:58  Probe x2  
  48  5:06  Zealot x2  
  52  5:10  Probe x2  
  54  5:16  Observer  
  55  5:22  Probe x2  
  57  5:33  Pylon  
  57  5:34  Probe x2  
  63  5:43  Stalker  
  63  5:46  Probe  
  63  5:47  Stargate  
  66  6:00  Pylon  
  66  6:06  Stalker  
  66  6:07  Stalker  
  70  6:30  Stalker  
  70  6:31  Stalker  
  74  6:33  Immortal  
  74  6:43  Pylon  
  74  6:48  Void Ray  
  74  6:54  Stalker x2  
  56  7:20  Stalker  
  56  7:21  Stalker  
Tags
 
League
Bronze
Matchup
PvP
Spawn Locations
Cross Positions
Add a new tag
Caveats
  • Supply blocks, unpowered buildings, or Contaminate may cause inaccurate times.
  • Supply counts are checked every 10 seconds.